 Dungeon Crawl Stone Soup version 0.31.0-10-gcf4a605ca0 (webtiles) character file.

Game seed: 1242896511304899833

497 Arex the Changeling (level 6, -10/52 HPs)
             Began as a Draconian Shapeshifter on Jan 26, 2024.
             Mangled by an ogre
             ... wielding a +0 giant club
              (16 damage)
             ... on level 5 of the Dungeon.
             The game lasted 00:08:35 (2586 turns).

Arex the Changeling (Draconian Shapeshifter)        Turns: 2586, Time: 00:08:36

Health: -10/52     AC:  6    Str: 19    XL:     6   Next: 93%
Magic:  6/6        EV: 12    Int: 10    God:
Gold:   80         SH:  0    Dex: 10    Spells: 5/5 levels left

rFire   . .          .
                       - Unarmed
rCold   . . .        (no shield)
rNeg    . . .        (body armour unavailable)
rPois   .            (helmet currently unavailable)
rElec   .            (cloak currently unavailable)
rCorr   .            (gloves currently unavailable)
SInv    .            (boots currently unavailable)
Will    .....        (no amulet)
Stlth   +            (no ring)
HPRegen 0.28/turn    (no ring)
MPRegen 0.10/turn

%: no passive effects
@: beast-form
A: beast (slay +2), AC +6, unfitting armour, cold-blooded
a: Begin Untransformation


You were on level 5 of the Dungeon.
You were a hulking beast.
You visited 1 branch of the dungeon, and saw 6 of its levels.

You collected 80 gold pieces.

Inventory:

Hand Weapons
 e - a +1 short sword of flaming
Armour
 k - a +2 pair of gloves
Talismans
 b - a beast talisman
 c - a flux talisman
 l - a serpent talisman
Scrolls
 d - a scroll of enchant armour
 i - 2 scrolls of immolation
 p - a scroll of amnesia
Potions
 a - 2 potions of lignification
 f - a potion of curing


   Skills:
 + Level 3.7 Fighting
 + Level 3.4 Dodging
 + Level 4.4 Unarmed Combat
 * Level 5.0 Shapeshifting


You had 5 spell levels left.
You didn't know any spells.
Your spell library contained the following spells:

 Spells                   Type           Power      Damage    Failure   Level
 Apportation              Tloc           0%         N/A       36%         1
 Necrotise                Necr           0%         1d4       36%         1
 Sting                    Conj/Alch      0%         1d3       36%         1
 Summon Small Mammal      Summ           0%         N/A       36%         1


Dungeon Overview and Level Annotations

Branches:
Dungeon (6/15) Zot: 26459  Temple (0/1) D:4

Altars:
Xom


Innate Abilities, Weirdness & Mutations

You are a hulking beast.
Your limbs bulge with bestial killing power. (Slay +2)
Your plain brown scales are hard. (AC +6)
You cannot fit into any form of body armour.
You are cold-blooded and may be slowed by cold attacks.


Message History

The bullfrog is heavily wounded.
The bullfrog barely misses you.
You hit the bullfrog.
The bullfrog is severely wounded.
The bullfrog hits you but does no damage.
The bullfrog closely misses you.
You barely miss the bullfrog.
The bullfrog is severely wounded.
The bullfrog hits you.
You hit the bullfrog.
You kill the bullfrog!
Your Shapeshifting skill increases to level 5!
No target in view!
No target in view!
No target in view!
No target in view!
No target in view!
No target in view!
No target in view!
No target in view!
No target in view!
No target in view!
No target in view!
An ogre comes into view. It is wielding a +0 giant club.
The ogre shouts!
Okay, then.
An ogre is nearby!
You hit the ogre.
The ogre is lightly wounded.
The ogre hits you with a +0 giant club!!
You punch the ogre!
The ogre is moderately wounded.
The ogre hits you with a +0 giant club!!
* * * LOW HITPOINT WARNING * * *
You hit the ogre.
The ogre is moderately wounded.
You punch the ogre!
Your tail-slap misses the ogre.
The ogre is severely wounded.
The ogre hits you with a +0 giant club!
You die...

................#####.###
...###†#.###........h...
.).# #.#.###...:.####.##
...# #.#.#.............#
...# #.#.#.###.#.......#
...# #.#.#.# #.#.......###
...###.#.#.###.#..........
.........#.....O.......###
.............#.#h......#
...........#.#.#†......#
##.......#.#.#.#.......#
#########.#.#.#.......#
#.#.#.#.......#
#.#.#O######### #.#.#.#
#.#.#.. #.# #..


You could see an ogre.

Vanquished Creatures
  Grinder (D:6)
  A bullfrog (D:5)
  2 scorpions (D:5)
  An iguana (D:5)
  3 adders
  2 dart slugs
  An orc (D:3)
  8 ball pythons
  5 bats
  7 endoplasms
  4 giant cockroaches
  5 goblins
  6 hobgoblins
  4 kobolds
  2 quokkas
  2 frilled lizards (D:3)
  3 rats
57 creatures vanquished.

Notes
Turn   | Place    | Note
-------+----------+-------------------------------------------
     0 | D:1      | Arex the Draconian Shapeshifter began the quest for the
                  | Orb.
     0 | D:1      | Reached XP level 1. HP: 16/16 MP: 1/1
   238 | D:1      | Reached XP level 2. HP: 17/23 MP: 2/2
   952 | D:2      | Reached XP level 3. HP: 29/29 MP: 3/3
  1346 | D:3      | Found a shimmering altar of Xom.
  1384 | D:3      | Reached XP level 4. HP: 24/36 MP: 4/4
  1854 | D:4      | Found a staircase to the Ecumenical Temple.
  1860 | D:4      | You fall into a shaft and drop 2 floors!
  1873 | D:6      | Noticed a water moccasin
  1911 | D:6      | Noticed Grinder
  1935 | D:6      | Paralysed by Grinder for 3 turns
  1941 | D:6      | Killed Grinder
  1942 | D:6      | Reached skill level 4 in Shapeshifting
  1942 | D:6      | Reached XP level 5. HP: 8/45 MP: 5/5
  1942 | D:6      | Reached XP level 6. HP: 10/51 MP: 6/6
  2044 | D:5      | Entered Level 5 of the Dungeon
  2568 | D:5      | Reached skill level 5 in Shapeshifting
  2586 | D:5      | Mangled by an ogre

Illustrated notes

Levels and vault maps discovered:
D:1:      lemuel_arrival_funnel, layout_basic, chequers_serial_rivers_micro_c
D:2:      layout_basic
D:3:      layout_basic, nicolae_overflow_crystal_walls
D:4:      minmay_chambers_of_twos, layout_cave_pools,
          nicolae_dithmenos_through_a_glass_darkly, minmay_temple_entry_tees,
          nicolae_ossuary_entry_ruins, minmay_misc_feat_enclosed,
          serial_library_hellmonk_room_b, uniq_eustachio
D:5:      layout_basic, trog_three_pillars_becter, kennysheep_mini,
          uniq_menkaure
D:6:      nicolae_whirlpool, layout_basic, uniq_grinder

Skill      XL: |  1  2  3  4  5  6 |
---------------+-------------------+-----
Dodging        | 2 3 |  3.4
Fighting       | 2 3 |  3.7
Unarmed Combat | 4 |  4.4
Shapeshifting  | 4 5 |  5.0

Action                     |  1- 3 |  4- 6 || total
---------------------------+-------+-------++-------
  Melee: Unarmed           |   102 |    51 ||   153
         Tailslap          |    10 |     6 ||    16
         Punch             |     3 |     1 ||     4
         Short sword       |     3 |    24 ||    27
    Use: Scroll            |     2 |     5 ||     7
         Potion            |       |     5 ||     5
   Stab: Sleeping          |     1 |       ||     1
 Armour: Skin              |    64 |    42 ||   106
  Dodge: Dodged            |    63 |    37 ||   100
